 Dungeon Crawl Stone Soup version 0.26-a0-639-g72c4674329 (webtiles) character file.

Game seed: 3947450548428613457

1 Lanoc the Grave Robber (level 1, -11/14 HPs)
             Began as a Palentonga Necromancer on Sept 18, 2020.
             Mangled by a kobold
             ... wielding a +0 dagger of electrocution
              (13 damage)
             ... on level 3 of the Dungeon.
             The game lasted 00:00:35 (106 turns).

Lanoc the Grave Robber (Palentonga Necromancer)      Turns: 106, Time: 00:00:35

Health: -11/14     AC:  4    Str: 11    XL:     1   Next: 16%
Magic:  2/3        EV: 10    Int: 15    God:
Gold:   0          SH:  0    Dex: 10    Spells: 2/4 levels left

rFire    . . .     SeeInvis +   (no weapon)
rCold    . . .     Faith    .   (no shield)
rNeg     . . .     Spirit   .   a - +0 robe
rPois    .         Reflect  .   (no helmet)
rElec    .         Harm     .   (no cloak)
rCorr    .         Rampage  .   (no gloves)
MR       .....                  (no barding)
Stlth    +.........             (no amulet)
HPRegen  0.04/turn              (no ring)
MPRegen  0.08/turn              (no ring)

@: no status effects
A: large, rugged brown scales 3, see invisible, deformed body, roll, armoured
tail
a: Rolling Charge


You were on level 3 of the Dungeon.
You visited 1 branch of the dungeon, and saw 3 of its levels.

Inventory:

Armour
 a - a +0 robe (worn)
Scrolls
 b - a scroll of enchant weapon {unknown}


   Skills:
 + Level 1.6 Dodging
 - Level 1.2 Stealth
 - Level 2.0 Spellcasting
 * Level 4.0 Necromancy


You had 2 spell levels left.
You knew the following spells:

 Your Spells              Type           Power        Failure   Level
a - Pain                  Necr           ##..         4%          1
b - Animate Skeleton      Necr           ##....       4%          1

Your spell library contained the following spells:

 Spells                   Type           Power        Failure   Level
 Vampiric Draining        Necr           ##........   13%         3
 Animate Dead             Necr           ##........   38%         4
 Agony                    Necr           ##......     75%         5


Dungeon Overview and Level Annotations

Branches:
Dungeon (3/15)

Altars:


Innate Abilities, Weirdness & Mutations

You are completely covered in rugged brown scales. (AC +3, +7% HP)
You have supernaturally acute eyesight. (SInv)
Armour fits poorly on your strangely shaped body.
You can roll at foes to attack.
You have a long armoured tail.


Message History

Roll where?
Press: ? - help, Dir - move target cursor, f/p - worm
Aim: a worm You roll forward with a clatter of scales!
You barely miss the worm. The worm bites you!
Ouch! That really hurt!
* * * LOW HITPOINT WARNING * * *
Found a stone staircase leading down.
There is a stone staircase leading down here.
You climb downwards.
A kobold and an orc come into view.
The kobold is wielding a +0 dagger of electrocution.
Found a quarterstaff.
There is a stone staircase leading up here.
The kobold shouts!
You hear a shout! x4
The kobold hits you with a +0 dagger of electrocution.
* * * LOW HITPOINT WARNING * * *
You are electrocuted!
Ouch! That really hurt!
You die...

.. ..
#.#.# # #
#.#.#.#.#
##.#.#.#.
..... .
#.#.#.# #
#.#.#.#..#
#.<......#
#.#@#.#..#
#.#K#
#.#.#
o.#.#
.....
.#.#)#
.#.#.. #..


You could see a kobold.

Vanquished Creatures
  A goblin (D:2)
1 creature vanquished.

Notes
Turn   | Place    | Note
-------+----------+-------------------------------------------
     0 | D:1      | Lanoc the Palentonga Necromancer began the quest for the
                  | Orb.
     0 | D:1      | Reached XP level 1. HP: 14/14 MP: 3/3
    44 | D:2      | Learned a level 1 spell: Animate Skeleton
   106 | D:3      | Mangled by a kobold

Illustrated notes

Levels and vault maps discovered:
D:1:      lemuel_arrival_broad_hall, layout_rooms, columned_hall_lemuel
D:2:      layout_basic, chequers_ecumenical_altar_simple_redux, minmay_circle_x
D:3:      layout_basic, gammafunk_ghost_icy, eino_tiny_chamber,
          grunt_ministairs_2

Action                   || total
-------------------------++-------
Melee: Unarmed           ||     3
 Cast: Pain              ||     6
 Abil: Rolling Charge    ||     3
Dodge: Dodged            ||     1

Table legend: (Time is in decaauts)
 A = Elapsed time spent in this place.
 B = Non-inter-level travel time spent in this place.
 C = Inter-level travel time spent in this place.
 D = Time resting spent in this place.
 E = Time spent auto-exploring this place.
 F = Levels seen in this place.
 G = Mean time per level.
                   A        B        C        D        E       F      G
               +--------+--------+--------+--------+--------+-----+--------+
         Total |    105 |    105 |      0 |     10 |     35 |   3 |   35.0 |
       Dungeon |    105 |    105 |      0 |     10 |     35 |   3 |   35.0 |
               +--------+--------+--------+--------+--------+-----+--------+

Top non-repeatable levels by time:
     D:2: 87 daAuts
     D:1: 17 daAuts
     D:3: 0 daAuts
